 Dungeon Crawl Stone Soup version 0.31-a0-233-g139696dc86 (webtiles) character file.

Game seed: 10223308195596424267

3309 qw the Skirmisher (level 9, -6/81 HPs)
             Began as a Minotaur Hexslinger on July 7, 2023.
             Killed from afar by an electric eel (11 damage)
             ... with a bolt of electricity
             ... on level 9 of the Dungeon.
             The game lasted 00:02:55 (7539 turns).

qw the Skirmisher (Minotaur Hexslinger)             Turns: 7539, Time: 00:02:56

Health: -6/81      AC:  7    Str: 12    XL:     9   Next: 70%
Magic:  9/9        EV: 14    Int: 10    God:
Gold:   310        SH:  0    Dex: 18    Spells: 9/10 levels left

rFire   . . .        Y - +2 sling (flame)
rCold   . . .        (no shield)
rNeg    . . .        k - +2 leather armour {rPois}
rPois   +            (helmet restricted)
rElec   .            (no cloak)
rCorr   .            c - +1 pair of gloves
SInv    .            (no boots)
Will    .....        g - amulet of faith
Stlth   +            (no ring)
HPRegen 0.33/turn    (no ring)
MPRegen 0.11/turn

%: faith
@: no status effects
A: horns 2, retaliatory headbutt
a: no special abilities


You were on level 9 of the Dungeon.
You visited 2 branches of the dungeon, and saw 11 of its levels.

You collected 310 gold pieces.


Innate Abilities, Weirdness & Mutations

You have a pair of horns on your head.
You reflexively headbutt those who attack you in melee.


   Skills:
 - Level 8.1 Fighting
 - Level 12.0 Ranged Weapons
 - Level 2.0 Armour
 + Level 5.7 Dodging
 - Level 1.0 Spellcasting
 - Level 2.0 Hexes


You had 9 spell levels left.
You knew the following spells:

 Your Spells              Type           Power      Damage    Failure   Level
a - Slow                  Hex            16%        N/A       19%         1

Your spell library contained the following spells:

 Spells                   Type           Power      Damage    Failure   Level
 Inner Flame              Hex/Fire       2%         N/A       65%         3
 Portal Projectile        Hex/Tloc       4%         N/A       65%         3
 Cause Fear               Hex            2%         N/A       88%         4

Inventory:

Hand Weapons
 Y - a +2 sling of flaming (weapon)
Armour
 c - a +1 pair of gloves (worn)
 k - a +2 leather armour of poison resistance (worn)
 l - the +0 robe of the Shining Light {-Tele rN+ Will++ Int+4}
   (You found it on level 7 of the Dungeon)

   Int:       It affects your intelligence (+4).
   rN:        It protects you from negative energy.
   -Tele:     It prevents most forms of teleportation.
   Will:      It greatly increases your willpower.
Jewellery
 g - an amulet of faith (around neck)
Scrolls
 f - a scroll of identify
Potions
 a - a potion of resistance
 b - 3 potions of curing
 d - a potion of might
 e - a potion of attraction {unknown}
 h - a potion of ambrosia {unknown}
 j - a potion of berserk rage {unknown}
 n - a potion of haste {unknown}

Dungeon Overview and Level Annotations

Branches:
Dungeon (10/15)            Temple (1/1) D:6
   Lair: D:8-11         Orc: D:9-12

Altars:
Ashenzari
Cheibriados
Dithmenos
Elyvilon
Fedhas
Gozag
Hepliaklqana
Kikubaaqudgha
Makhleb
Nemelex Xobeh
Qazlal
Sif Muna
Trog
Vehumet
Wu Jian
Xom
Yredelemnul
The Shining One

Shops:
D:3 (=


Message History

The electric eel is severely wounded.
The electric eel shoots out a bolt of lightning at you!
The bolt of electricity hits you!
You shoot a sling bullet.
The sling bullet closely misses the electric eel.
You shoot a sling bullet.
The sling bullet closely misses the electric eel.
An electric eel comes into view.
You shoot a sling bullet.
The sling bullet closely misses the electric eel.
The electric eel shoots out a bolt of lightning at you!
The bolt of electricity hits you!
The electric eel shoots out a bolt of lightning at you!
The bolt of electricity hits you!
You shoot a sling bullet. The sling bullet hits the electric eel.
The sling bullet burns the electric eel.
The electric eel is almost dead.
You shoot a sling bullet.
The sling bullet misses the electric eel.
The electric eel shoots out a bolt of lightning at you!
The bolt of electricity misses you.
You shoot a sling bullet.
The sling bullet closely misses the electric eel.
You shoot a sling bullet.
The sling bullet closely misses the electric eel.
The electric eel shoots out a bolt of lightning at you!
The bolt of electricity hits you.
You shoot a sling bullet.
The sling bullet barely misses the electric eel.
You shoot a sling bullet. The sling bullet hits the electric eel.
The sling bullet burns the electric eel.
You kill the electric eel!
You hear a splash.
The electric eel shoots out a bolt of lightning at you!
The bolt of electricity hits you!
You shoot a sling bullet.
The sling bullet closely misses the electric eel.
The electric eel shoots out a bolt of lightning at you!
The bolt of electricity hits you!
You die...

..# #...# ?~~~~...# #.#
#...# ~~~.~~~.# #.#
#...# .~~~..(.# #.#
#...# ~~~S.~..# #.#
#...# ~~~~....# #.#
#...#
~..~....###.###########.
~..~~...##..............
......%@...############.
#........###............
########## #.##########.
#.# #........ #.#
#.####.#. #.# #.#......
#.# #.#....#. #.#
#.######. #.# #........


You could see an electric eel.

Vanquished Creatures
  Grinder (D:6)
  Sigmund (D:6)
  2 humans (D:7)
  A steam dragon (D:6)
  A water moccasin (D:7)
  An ice beast (D:5)
  A black bear (D:7)
  3 sky beasts (D:6)
  3 wolves (D:9)
  2 ogres (D:4)
  A phantom (D:7)
  A kobold brigand (D:7)
  A bullfrog (D:3)
  A scorpion (D:4)
  6 killer bees (D:6)
  An electric eel (D:9)
  A jelly (D:6)
  2 gnoll boudas
  4 orc priests
  6 hounds
  5 sleepcaps
  2 iguanas (D:6)
  6 orc wizards
  10 gnolls
  5 adders
  2 white imps (D:5)
  An ufetubus (D:4)
  A worm (D:2)
  3 dart slugs
  40 orcs
  4 bats
  5 endoplasms
  3 giant cockroaches
  9 goblins
  17 hobgoblins
  2 jackals (D:3)
  3 quokkas
  5 ball pythons
  2 frilled lizards
  15 kobolds
  2 rats
182 creatures vanquished.

Vanquished Creatures (others)
  A human (D:8)
1 creature vanquished.

Grand Total: 183 creatures vanquished

Notes
Turn   | Place    | Note
-------+----------+-------------------------------------------
     0 | D:1      | qw the Minotaur Hexslinger began the quest for the Orb.
     0 | D:1      | Reached XP level 1. HP: 16/16 MP: 1/1
     0 | D:1      | 0 ||| qw: Version: 0.3-a-46-gb1f654a
     0 | D:1      | 0 ||| qw: Game counter: 3247
     0 | D:1      | 0 ||| qw: Melee chars always use a shield: true
     0 | D:1      | 0 ||| qw: God list: Okawaru
     0 | D:1      | 0 ||| qw: Allow faded altars: false
     0 | D:1      | 0 ||| qw: Do Orc after clearing Dungeon:15 true
     0 | D:1      | 0 ||| qw: Do second Lair branch before Depths: true
     0 | D:1      | 0 ||| qw: Lair rune preference: random
     0 | D:1      | 0 ||| qw: Goals: Normal
     0 | D:1      | 0 ||| PLANNING D:1-11
   111 | D:1      | Reached skill level 3 in Ranged Weapons
   170 | D:1      | Reached XP level 2. HP: 23/23 MP: 2/2
   916 | D:1      | 916 ||| READING scroll labelled BEATTIK PUHAB.
   917 | D:1      | 917 ||| READING scroll labelled ECEET BIDIDOAG.
   918 | D:1      | 918 ||| READING scroll labelled MIKKAF SETECE.
   919 | D:1      | 919 ||| READING scroll labelled AXTUM CUBOTRUKH.
   920 | D:1      | 920 ||| READING 2 scrolls labelled BOUSAX BUTI.
   921 | D:1      | 921 ||| READING scroll labelled JIQAMPI OHOM.
   922 | D:1      | 922 ||| DROPPING scroll of poison.
   923 | D:1      | 923 ||| DROPPING scroll of blinking.
   960 | D:2      | Reached XP level 3. HP: 29/29 MP: 3/3
  1035 | D:2      | Reached skill level 4 in Ranged Weapons
  1383 | D:2      | 1383 ||| UPGRADING to +0 ring mail.
  1393 | D:2      | 1393 ||| DROPPING +0 robe.
  1394 | D:2      | 1394 ||| UPGRADING to amulet of faith.
  1399 | D:2      | 1399 ||| READING scroll labelled LOKAKL ROEMPOU.
  1404 | D:2      | 1404 ||| DRINKING 2 gluggy blue potions.
  1405 | D:2      | 1405 ||| READING 2 scrolls of identify.
  1405 | D:2      | 1405 ||| IDENTIFYING fuming amethyst potion
  1406 | D:2      | 1406 ||| DROPPING potion of lignification.
  1428 | D:3      | Reached XP level 4. HP: 34/36 MP: 4/4
  1448 | D:3      | Reached skill level 1 in Armour
  1558 | D:3      | Found Kigipige's Jewellery Shoppe.
  1569 | D:3      | 1569 ||| SHOPLISTING +5 ring of evasion (468 gold, have
                  | 117).
  1569 | D:3      | 1569 ||| SHOPLISTING +6 ring of strength (468 gold, have
                  | 117).
  1569 | D:3      | 1569 ||| SHOPLISTING amulet of reflection (390 gold, have
                  | 117).
  1569 | D:3      | 1569 ||| SHOPLISTING amulet of regeneration (390 gold, have
                  | 117).
  1569 | D:3      | 1569 ||| SHOPLISTING ring of see invisible (195 gold, have
                  | 117).
  1569 | D:3      | 1569 ||| SHOPLISTING ring of willpower (325 gold, have
                  | 117).
  1803 | D:3      | 1803 ||| Stepping ~*~*~tactically~*~*~ (outnumbered).
  1806 | D:3      | 1806 ||| DRINKING potion of curing.
  1806 | D:3      | 1806 ||| (to cure confusion)
  1823 | D:3      | Reached skill level 5 in Ranged Weapons
  1958 | D:3      | Reached XP level 5. HP: 44/44 MP: 5/5
  1963 | D:3      | Found Yryulet's Weapon Boutique.
  2170 | D:3      | 2170 ||| UPGRADING to +0 pair of gloves.
  2175 | D:3      | 2175 ||| READING scroll labelled DET WOSOFI.
  2176 | D:3      | 2176 ||| READING scroll labelled NATHOSMIDE.
  2177 | D:3      | 2177 ||| READING 2 scrolls of identify.
  2177 | D:3      | 2177 ||| IDENTIFYING orange potion
  2199 | D:4      | 2199 ||| STAIRDANCE
  2239 | D:4      | 2239 ||| STAIRDANCE
  2307 | D:4      | Reached XP level 6. HP: 52/52 MP: 6/6
  2494 | D:4      | Reached skill level 6 in Ranged Weapons
  2504 | D:4      | 2504 ||| READING scroll of enchant armour.
  2504 | D:4      | 2504 ||| ENCHANTING +0 pair of gloves.
  2614 | D:4      | Reached skill level 7 in Ranged Weapons
  2669 | D:4      | Found a bloodstained altar of Trog.
  2824 | D:4      | HP: 12/52 [poisoned by a scorpion]
  2825 | D:4      | 2825 ||| DRINKING potion of heal wounds.
  2827 | D:4      | Reached XP level 7. HP: 37/59 MP: 7/7
  2954 | D:4      | Found a shimmering altar of Xom.
  3046 | D:4      | 3046 ||| UPGRADING to +2 leather armour of poison
                  | resistance.
  3056 | D:4      | 3056 ||| DROPPING +0 ring mail.
  3057 | D:4      | 3057 ||| READING scroll labelled SISOAD XUSALA.
  3058 | D:4      | 3058 ||| READING 3 scrolls labelled KOCYTEOMOE.
  3159 | D:4      | 3159 ||| DRINKING 2 smoky puce potions.
  3160 | D:4      | 3160 ||| DRINKING 2 emerald potions.
  3161 | D:4      | 3161 ||| DROPPING potion of magic.
  3162 | D:4      | 3162 ||| DROPPING potion of brilliance.
  3163 | D:4      | 3163 ||| DROPPING 2 scrolls of silence.
  3199 | D:5      | Entered Level 5 of the Dungeon
  3340 | D:5      | 3340 ||| FLEEEEING.
  3345 | D:5      | 3345 ||| FLEEEEING.
  3349 | D:5      | 3349 ||| Stepping ~*~*~tactically~*~*~ (outnumbered).
  3351 | D:5      | 3351 ||| FLEEEEING.
  3352 | D:5      | 3352 ||| FLEEEEING.
  3353 | D:5      | 3353 ||| FLEEEEING.
  3354 | D:5      | 3354 ||| FLEEEEING.
  3355 | D:5      | 3355 ||| FLEEEEING.
  3364 | D:5      | Reached skill level 8 in Ranged Weapons
  4015 | D:5      | Found a hazy altar of Hepliaklqana.
  4239 | D:5      | 4239 ||| READING scroll labelled PIWIUT XICHUIR.
  4333 | D:6      | Reached skill level 3 in Dodging
  4409 | D:6      | Reached XP level 8. HP: 69/69 MP: 8/8
  4461 | D:6      | Reached skill level 9 in Ranged Weapons
  4543 | D:6      | Reached skill level 6 in Fighting
  4654 | D:6      | Noticed Sigmund
  4661 | D:6      | Killed Sigmund
  4744 | D:6      | Noticed Grinder
  4756 | D:6      | Killed Grinder
  4757 | D:6      | Reached skill level 10 in Ranged Weapons
  5002 | D:6      | 5002 ||| Stepping ~*~*~tactically~*~*~ (cloud).
  5006 | D:6      | 5006 ||| Stepping ~*~*~tactically~*~*~ (cloud).
  5067 | D:6      | Found a staircase to the Ecumenical Temple.
  5068 | D:6      | 5068 ||| PLANNING TEMPLE
  5088 | D:6      | Reached XP level 9. HP: 41/79 MP: 9/9
  5201 | D:6      | 5201 ||| DROPPING amulet of guardian spirit.
  5207 | Temple   | Entered the Ecumenical Temple
  5411 | Temple   | 5411 ||| PLANNING D:1-11
  5795 | D:7      | Reached skill level 11 in Ranged Weapons
  5822 | D:7      | Identified the +0 robe of the Shining Light {-Tele rN+
                  | Will++ Int+4}
  6482 | D:7      | 6482 ||| READING scroll labelled WOZXUP JURGH.
  6483 | D:7      | 6483 ||| READING 2 scrolls of identify.
  6483 | D:7      | 6483 ||| IDENTIFYING sapphire potion
  6593 | D:8      | 6593 ||| Stepping ~*~*~tactically~*~*~ (outnumbered).
  6706 | D:8      | 6706 ||| FLEEEEING.
  6707 | D:8      | 6707 ||| FLEEEEING.
  6708 | D:8      | 6708 ||| FLEEEEING.
  6709 | D:8      | 6709 ||| FLEEEEING.
  6710 | D:8      | 6710 ||| FLEEEEING.
  6711 | D:8      | 6711 ||| FLEEEEING.
  6712 | D:8      | 6712 ||| FLEEEEING.
  6713 | D:8      | 6713 ||| FLEEEEING.
  6714 | D:8      | 6714 ||| FLEEEEING.
  6715 | D:8      | 6715 ||| FLEEEEING.
  6716 | D:8      | 6716 ||| FLEEEEING.
  6717 | D:8      | 6717 ||| FLEEEEING.
  6718 | D:8      | 6718 ||| FLEEEEING.
  6719 | D:8      | 6719 ||| FLEEEEING.
  6720 | D:8      | 6720 ||| FLEEEEING.
  6721 | D:8      | 6721 ||| FLEEEEING.
  6722 | D:8      | 6722 ||| FLEEEEING.
  6723 | D:8      | 6723 ||| FLEEEEING.
  6724 | D:8      | 6724 ||| FLEEEEING.
  6725 | D:8      | 6725 ||| FLEEEEING.
  6726 | D:8      | 6726 ||| FLEEEEING.
  6727 | D:8      | 6727 ||| FLEEEEING.
  6728 | D:8      | 6728 ||| FLEEEEING.
  6729 | D:8      | 6729 ||| FLEEEEING.
  6730 | D:8      | 6730 ||| FLEEEEING.
  6731 | D:8      | 6731 ||| FLEEEEING.
  6732 | D:8      | 6732 ||| FLEEEEING.
  6733 | D:8      | 6733 ||| STAIRDANCE
  6814 | D:8      | 6814 ||| STAIRDANCE
  6820 | D:7      | HP: 17/79 [human/+0 long sword (9)]
  6821 | D:7      | 6821 ||| READING scroll of teleportation.
  7266 | D:8      | Found an ancient bone altar of Kikubaaqudgha.
  7306 | D:8      | You fall into a shaft and drop 2 floors!
  7306 | D:10     | Entered Level 10 of the Dungeon
  7337 | D:9      | Reached skill level 12 in Ranged Weapons
  7532 | D:9      | HP: 16/81 [electric eel/bolt of electricity (16)]
  7538 | D:9      | HP: 5/81 [electric eel/bolt of electricity (10)]
  7539 | D:9      | Killed from afar by an electric eel

Levels and vault maps discovered:
D:1:      dpeg_arrival_oval, layout_basic
D:2:      layout_rooms, kennysheep_generic_room_10
D:3:      layout_basic, serial_shops, shop, shop
D:4:      layout_loops_ring, mainiacjoe_overflow_tiny_flanked,
          trog_hazing_becter
D:5:      layout_layer_cave, nicolae_hepliaklqana_hippocampus
D:6:      layout_loops_ring, minmay_temple_entry_fiery,
          nicolae_twisty_statue_hallways, uniq_sigmund, uniq_grinder
D:7:      layout_cave_pods
D:8:      layout_cave_pods, okawaru_humans, mainiacjoe_overflow_small_starburst,
          tgw_kikubaaqudgha, enter_bailey_3, onia_ninara_dug_in_and_dangerous
D:9:      layout_basic, erik_lair_island, minivault_13
D:10:     layout_loops_ring, gammafunk_temple_overflow_wave, uniq_sonja,
          uniq_grum
Temple:   eino_temple_water

Skill      XL: |  1  2  3  4  5  6  7  8  9 |
---------------+----------------------------+-----
Ranged Weapons | 3 4 5 7 8 10 12 | 12.0
Fighting       | 2 4 5 7 8 |  8.1
Armour         | 1 2 |  2.0
Dodging        | 3 4 5 |  5.7
Spellcasting   | |  1.0
Hexes          | |  2.0

Action                     |  1- 3 |  4- 6 |  7- 9 || total
---------------------------+-------+-------+-------++-------
   Fire: Sling             |   111 |   156 |   398 ||   665
    Use: Scroll            |     8 |     4 |     6 ||    18
         Potion            |     1 |     2 |     2 ||     5
 Armour: Robe              |     8 |       |       ||     8
         Ring mail         |     3 |    41 |     1 ||    45
         Leather armour    |       |       |    45 ||    45
  Dodge: Dodged            |    24 |    41 |   118 ||   183

Table legend:
 A = Non-vault XP
 B = Vault XP
 C = Vault XP percentage of total XP
 D = Non-vault monster count
 E = Vault monster count
 F = Vault count percentage of total count
                 A         B        C        D         E       F
            +---------+---------+-------+---------+---------+-------
      Total |    3310 |    1418 |  30.0 |     163 |      19 |  10.4
            +---------+---------+-------+---------+---------+-------
        D:1 |      40 |       0 |   0.0 |      21 |       0 |   0.0
        D:2 |      46 |       3 |   6.1 |      18 |       2 |  10.0
        D:3 |     199 |       0 |   0.0 |      23 |       0 |   0.0
        D:4 |     505 |      10 |   1.9 |      25 |       6 |  19.4
        D:5 |     355 |       0 |   0.0 |      12 |       0 |   0.0
        D:6 |    1229 |     486 |  28.3 |      26 |       2 |   7.1
        D:7 |     568 |     400 |  41.3 |      13 |       2 |  13.3
        D:8 |     233 |       0 |   0.0 |      20 |       0 |   0.0
        D:9 |     135 |     519 |  79.4 |       5 |       7 |  58.3
            +---------+---------+-------+---------+---------+-------
